 Dungeon Crawl Stone Soup version 0.30-a0-121-gb27577e5d9 (webtiles) character file.

Game seed: 16095709581803332972

15152 ragingrage the Brawler (level 11, -3/107 HPs)
             Began as a Troll Warper on Sept 14, 2022.
             Was a Follower of Uskayaw.
             Slain by a tengu warrior
             ... wielding a +0 war axe
              (10 damage)
             ... on level 10 of the Dungeon.
             The game lasted 00:13:04 (9533 turns).

ragingrage the Brawler (Troll Warper)               Turns: 9533, Time: 00:13:05

Health: -3/107     AC:  9    Str: 25    XL:     11   Next: 98%
Magic:  11/11      EV: 10    Int:  9    God:    Uskayaw [*.....]
Gold:   760        SH:  0    Dex: 15    Spells: 8/12 levels left

rFire   . . .      SeeInvis .      - Unarmed
rCold   . . .      Faith    .    (no shield)
rNeg    . . .      Spirit   .    Q - +0 acid dragon scales
rPois   +          Reflect  .    (helmet restricted)
rElec   .          Harm     .    m - +0 cloak
rCorr   +          Rampage  .    (gloves unavailable)
Will    .....                    (boots unavailable)
Stlth   +.........               (no amulet)
HPRegen 1.07/turn                r - +6 ring of dexterity
MPRegen 0.12/turn                q - ring of poison resistance

@: no status effects
A: large, unfitting armour, claws 3, regeneration 1, shaggy fur 1, tough skin 1
a: Renounce Religion, Stomp


You were on level 10 of the Dungeon.
You worshipped Uskayaw.
Uskayaw was noncommittal.
You visited 2 branches of the dungeon, and saw 12 of its levels.
You also visited: Bailey.

You collected 760 gold pieces.

Inventory:

Hand Weapons
 V - a +0 trident of protection
Missiles
 c - 2 boomerangs of dispersal (quivered)
 e - 37 poisoned darts
 k - 2 throwing nets
 p - 3 boomerangs
 D - 14 large rocks
 F - 6 silver boomerangs
 J - 2 javelins
Armour
 m - a +0 cloak (worn)
 Q - +0 acid dragon scales (worn)
Jewellery
 q - a ring of poison resistance (right claw)
 r - a +6 ring of dexterity (left claw)
 I - a ring of protection from fire
 K - a ring of positive energy
 M - a ring of resist corrosion
Wands
 u - a wand of flame (23)
 w - a wand of charming (14)
 B - a wand of light (14)
 C - a wand of roots (7)
 W - a wand of mindburst (5)
Scrolls
 a - 2 scrolls of noise {unknown}
 b - 2 scrolls of blinking
 g - 7 scrolls of immolation {unknown}
 h - 5 scrolls of butterflies {unknown}
 i - 3 scrolls of vulnerability {unknown}
 j - 3 scrolls of fear {unknown}
 n - 5 scrolls of amnesia {unknown}
 o - a scroll of magic mapping {unknown}
 v - a scroll of torment {unknown}
 x - 4 scrolls of summoning
 y - 9 scrolls of identify {unknown}
 E - 2 scrolls of teleportation {unknown}
 O - 4 scrolls of enchant armour
 P - 3 scrolls of enchant weapon
 U - a scroll of brand weapon
 X - a scroll of silence {unknown}
Potions
 d - 5 potions of curing
 f - 2 potions of heal wounds
 l - 2 potions of haste
 s - a potion of ambrosia {unknown}
 t - a potion of berserk rage {unknown}
 z - 2 potions of degeneration {unknown}
 A - 3 potions of brilliance {unknown}
 G - a potion of flight {unknown}
 H - 3 potions of lignification {unknown}
 N - 2 potions of invisibility {unknown}
 R - 2 potions of experience {unknown}
 S - 2 potions of mutation {unknown}
 T - a potion of cancellation {unknown}


   Skills:
 + Level 6.9 Fighting
 - Level 1.9 Throwing
 - Level 3.0 Armour
 - Level 3.0 Dodging
 * Level 15.5 Unarmed Combat
 - Level 1.2 Spellcasting
 - Level 4.0 Translocations
 - Level 4.0 Transmutations


You had 8 spell levels left.
You knew the following spells:

 Your Spells              Type           Power      Damage    Failure   Level
a - Wereblood             Tmut           7%         N/A       13%         2
b - Blink                 Tloc           14%        N/A       13%         2

Your spell library contained the following spells:

 Spells                   Type           Power      Damage    Failure   Level
 Gell's Gravitas          Tloc           7%         N/A       26%         3
 Lesser Beckoning         Tloc           7%         N/A       26%         3
 Teleport Other           Tloc           7%         N/A       26%         3
 Sublimation of Blood     Necr           0%         N/A       56%         2
 Ignite Poison            Fire/Tmut/Pois 2%         N/A       61%         3
 Manifold Assault         Tloc           7%         N/A       65%         4
 Animate Dead             Necr           0%         N/A       99%         4
 Sticky Flame             Conj/Fire      0%         2d3       99%         4
 Borgnjor's Vile Clutch   Necr/Erth      0%         N/A       100%        5
 Fireball                 Conj/Fire      0%         3d3       100%        5
 Iskenderun's Battlesphe  Conj           0%         2d6       100%        5
 Conjure Ball Lightning   Conj/Air       0%         3x3d6     100%        6
 Death Channel            Necr           0%         N/A       100%        6
 Orb of Destruction       Conj           0%         9d5       100%        7
 Summon Hydra             Summ           0%         N/A       100%        7


Dungeon Overview and Level Annotations

Branches:
Dungeon (11/15)            Temple (1/1) D:6          Bailey (visited)
   Lair: D:8-11         Orc: D:9-12

Altars:
Ashenzari
Cheibriados
Dithmenos
Elyvilon
Fedhas
Gozag
Hepliaklqana
Kikubaaqudgha
Makhleb
Nemelex Xobeh
Okawaru
Qazlal
Ru
Sif Muna
Trog
Uskayaw
Vehumet
Wu Jian
Xom
Yredelemnul
Zin
The Shining One

Shops:
D:3 (


Innate Abilities, Weirdness & Mutations

You are too large for most types of armour.
You have claws for hands.
Your natural rate of healing is unusually fast.
You are covered in fur. (AC +1)
You have tough skin. (AC +1)


Message History

Press: ? - help, Q - select action, (/) - cycle Shift-Dir - straight line, f - tengu warrior
Aim: a tengu warrior, wielding a +0 war axe, wearing a +0 leather armour and wearing a +0 buckler (37% to hit)
You throw a curare-tipped dart.
The tengu warrior blocks the curare-tipped dart.
The wyvern bites you but does no damage.
The tengu warrior hits you with a +0 war axe.
The tengu warrior pecks you. The tengu warrior closely misses you.
Throw: 4 boomerangs (disperse)
Press: ? - help, Q - select action, (/) - cycle Shift-Dir - straight line, f - wyvern, p - tengu warrior
Aim: a wyvern (62% to hit)
You throw a boomerang of dispersal.
The boomerang of dispersal closely misses the wyvern.
The wyvern barely misses you.
The tengu warrior hits you with a +0 war axe.
* * * LOW HITPOINT WARNING * * *
The tengu warrior barely misses you. The tengu warrior claws you.
* * * LOW HITPOINT WARNING * * *
The wyvern bites you!
* * * LOW HITPOINT WARNING * * *
The tengu warrior hits you with a +0 war axe!!
* * * LOW HITPOINT WARNING * * *
The tengu warrior pecks you but does no damage.
The tengu warrior claws you.
* * * LOW HITPOINT WARNING * * *
You feel much better.
The wyvern bites you but does no damage.
The wyvern bites you.
* * * LOW HITPOINT WARNING * * *
The tengu warrior hits you with a +0 war axe!
* * * LOW HITPOINT WARNING * * *
The tengu warrior closely misses you. The tengu warrior barely misses you.
Unknown command.
Throw: 3 boomerangs (disperse)
Press: ? - help, Q - select action, (/) - cycle Shift-Dir - straight line, f/p - wyvern
Aim: a wyvern (62% to hit)
You throw a boomerang of dispersal.
The boomerang of dispersal barely misses the wyvern.
The wyvern bites you but does no damage.
The tengu warrior hits you with a +0 war axe!
You die...

##............................
#.............................
#.............................
##.##........................<
####.......................[.
##........................
#####...................#####
##.##.........l..........#≈≈≈≈
##............@)..........#≈≈≈.
#.............Q...........#§≈§≈
##.....#..................'..§§
###......................'..§§
###.#..#........#......#§≈≈§
###................#.#≈≈≈.
##............##.....#§§≈§
##.....##.......#.....#####
##.......##.....##........#.


You could see a tengu warrior and a wyvern.

Vanquished Creatures
  A centaur warrior (D:11)
  A boulder beetle (D:11)
  A two-headed ogre (D:10)
  2 deep elf pyromancers (D:7)
  An orc knight (Bailey)
  2 cyclopes (D:11)
  An ugly thing (D:11)
  2 kobold demonologists
  A komodo dragon (D:10)
  Grinder (D:4)
  2 wraiths
  Eustachio (D:4)
  9 yaks
  A wyvern (D:9)
  A steam dragon (D:8)
  A vampire mosquito (D:7)
  A warg (D:10)
  2 acid dragons
  21 water moccasins
  12 orc warriors
  2 ice beasts
  A black bear (D:4)
  2 sky beasts
  7 centaurs
  2 ogres (D:6)
  A phantom (D:3)
  6 kobold brigands
  Blork the orc (D:6)
  2 bullfrogs
  2 necrophages
  2 scorpions
  3 wights
  17 killer bees
  An electric eel (D:11)
  A howler monkey (D:10)
  A lava snake (D:10)
  Crazy Yiuf (D:2)
  7 orc priests
  A gnoll bouda (D:8)
  5 hounds
  A jelly (D:5)
  12 orc wizards
  7 gnolls
  26 adders
  A white imp (D:6)
  An ufetubus (D:5)
  3 worms
  5 dart slugs
  62 orcs
  3 ball pythons
  8 endoplasms
  4 giant cockroaches
  5 hobgoblins
  2 quokkas (D:2)
  2 bats
  3 frilled lizards
  3 goblins
  24 kobolds
  2 rats (D:2)
303 creatures vanquished.

Vanquished Creatures (others)
  3 fungi (D:2)
  2 plants (D:2)
5 creatures vanquished.

Grand Total: 308 creatures vanquished

Notes
Turn   | Place    | Note
-------+----------+-------------------------------------------
     0 | D:1      | ragingrage the Troll Warper began the quest for the Orb.
     0 | D:1      | Reached XP level 1. HP: 19/19 MP: 1/1
    51 | D:1      | Reached XP level 2. HP: 18/27 MP: 2/2
    89 | D:1      | Reached skill level 3 in Unarmed Combat
   115 | D:1      | Learned a level 2 spell: Blink
   127 | D:1      | Reached XP level 3. HP: 26/33 MP: 3/3
   507 | D:1      | You fall into a shaft and drop 1 floor!
   644 | D:2      | Found a faded altar of an unknown god.
   720 | D:2      | Reached skill level 4 in Unarmed Combat
   741 | D:2      | Reached XP level 4. HP: 39/41 MP: 4/4
   806 | D:2      | Found a runed translucent door.
   807 | D:2      | Noticed Crazy Yiuf
   966 | D:2      | Killed Crazy Yiuf
  1220 | D:3      | Noticed a phantom
  1232 | D:3      | Killed a phantom
  1233 | D:3      | Reached XP level 5. HP: 44/48 MP: 5/5
  1322 | D:3      | Reached skill level 5 in Unarmed Combat
  1400 | D:3      | Reached XP level 6. HP: 54/55 MP: 6/6
  1442 | D:3      | Found Peq Gina's Antique Weapon Emporium.
  1853 | D:4      | Noticed Grinder
  1867 | D:4      | Killed Grinder
  1868 | D:4      | Reached skill level 6 in Unarmed Combat
  1868 | D:4      | Reached XP level 7. HP: 42/62 MP: 7/7
  1902 | D:4      | Found a broken altar of Ashenzari.
  1911 | D:4      | Reached skill level 7 in Unarmed Combat
  2150 | D:4      | Noticed Eustachio
  2328 | D:4      | Killed Eustachio
  2329 | D:4      | Reached skill level 8 in Unarmed Combat
  2536 | D:5      | Entered Level 5 of the Dungeon
  2547 | D:5      | Reached XP level 8. HP: 57/70 MP: 8/8
  2651 | D:5      | Reached skill level 9 in Unarmed Combat
  2898 | D:5      | Found a sparkling altar of Nemelex Xobeh.
  3363 | D:6      | Noticed Blork the orc
  3366 | D:6      | Reached skill level 10 in Unarmed Combat
  3372 | D:6      | Killed Blork the orc
  3482 | D:6      | Found a staircase to the Ecumenical Temple.
  3544 | Temple   | Entered the Ecumenical Temple
  3544 | Temple   | Found a transporter.
  3544 | Temple   | Found a transporter.
  3559 | Temple   | Found a transporter.
  3559 | Temple   | Found a transporter.
  3597 | Temple   | Became a worshipper of Uskayaw the Reveller
  3615 | D:6      | Reached * piety under Uskayaw
  3756 | D:6      | Reached ** piety under Uskayaw
  3757 | D:6      | Reached skill level 1 in Throwing
  4073 | D:7      | Reached XP level 9. HP: 76/76 MP: 9/9
  4224 | D:7      | Reached skill level 11 in Unarmed Combat
  4284 | D:7      | Reached *** piety under Uskayaw
  4381 | D:7      | Reached skill level 1 in Armour
  4413 | D:7      | Noticed a deep elf pyromancer
  4427 | D:7      | Killed a deep elf pyromancer
  4427 | D:7      | Reached **** piety under Uskayaw
  4502 | D:7      | Noticed a deep elf pyromancer
  4506 | D:7      | Killed a deep elf pyromancer
  4861 | D:7      | Reached skill level 12 in Unarmed Combat
  4918 | D:8      | Reached XP level 10. HP: 82/91 MP: 10/10
  5954 | D:8      | Learned a level 2 spell: Wereblood
  5976 | D:9      | Noticed an orange demon
  6043 | D:9      | Noticed a smoke demon
  6052 | D:8      | Reached skill level 13 in Unarmed Combat
  6052 | D:8      | Reached skill level 1 in Transmutations
  6114 | D:9      | Found a blossoming altar of Fedhas.
  6557 | D:9      | Reached skill level 5 in Fighting
  6562 | D:9      | Reached ***** piety under Uskayaw
  7047 | D:10     | Entered Level 10 of the Dungeon
  7084 | D:10     | Reached XP level 11. HP: 104/104 MP: 11/11
  7115 | D:10     | HP: 3/104 [poisoned by a killer bee]
  7376 | D:10     | Reached skill level 14 in Unarmed Combat
  7387 | D:10     | Identified the +0 ring mail of the Hidden Vale {rF+ Str+2
                  | Int-3 Dex+3}
  7429 | D:10     | Found a flagged portal.
  7482 | Bailey   | Entered a bailey
  7846 | Bailey   | Noticed an orc knight
  7908 | Bailey   | Killed an orc knight
  8088 | D:10     | Noticed a two-headed ogre
  8095 | D:10     | Killed a two-headed ogre
  8685 | D:11     | Noticed a boulder beetle
  8694 | D:11     | Killed a boulder beetle
  8871 | D:11     | Noticed a centaur warrior
  8891 | D:11     | Killed a centaur warrior
  8937 | D:11     | Reached skill level 15 in Unarmed Combat
  9124 | D:11     | Noticed a green ugly thing
  9130 | D:11     | Killed a green ugly thing
  9478 | D:11     | Noticed a tengu warrior
  9531 | D:10     | HP: 5/107 [tengu warrior/+0 war axe (18)]
  9533 | D:10     | Slain by a tengu warrior

Illustrated notes

Levels and vault maps discovered:
D:1:      lemuel_arrival_muddy, layout_basic
D:2:      layout_rooms, dreamdust_ecumenical_altar_grove,
          uniq_crazy_yiuf_cottage
D:3:      layout_basic, serial_shops, nicolae_lakefront_shop
D:4:      layout_basic, mainiacjoe_overflow_surrounded_room, uniq_grinder,
          uniq_eustachio
D:5:      layout_basic, mainiacjoe_overflow_catwalk
D:6:      layout_rooms, minmay_temple_entry_sparse_star, grunt_ministairs_3,
          uniq_blork_the_orc
D:7:      layout_rooms, nicolae_zen_rock_garden, wad_mini_maze
D:8:      layout_layer_cave
D:9:      layout_loops_corners, old_standard_altar
D:10:     layout_cross, enter_bailey_8, kennysheep_generic_room_4
D:11:     lemuel_reptile_caves, layout_rooms, erik_lair_orcish_takeover
Temple:   hellmonk_temple_divided_pantheon

Skill      XL: |  1  2  3  4  5  6  7  8  9 10 11 |
---------------+----------------------------------+-----
Unarmed Combat | 3 4 5 6 8 10 12 13 15 | 15.5
Translocations | 3 4 |  4.0
Throwing       | 1 |  1.9
Dodging        | 3 |  3.0
Fighting       | 3 5 6 |  6.9
Armour         | 2 3 |  3.0
Transmutations | 2 4 |  4.0
Spellcasting   | |  1.2

Action                   |  1- 3 |  4- 6 |  7- 9 | 10-12 || total
-------------------------+-------+-------+-------+-------++-------
Melee: Unarmed           |    65 |   121 |   179 |   488 ||   853
       Punch             |     1 |     1 |    11 |    33 ||    46
Throw: Large rock        |       |       |     1 |     2 ||     3
       Dart              |       |       |       |     5 ||     5
       Boomerang         |       |       |       |     5 ||     5
       Throwing net      |       |       |       |     3 ||     3
       Javelin           |       |       |       |     2 ||     2
 Cast: Wereblood         |       |       |       |     3 ||     3
Evoke: Wand              |       |       |       |     4 ||     4
  Use: Potion            |       |       |       |     4 ||     4
 Stab: Sleeping          |       |       |     1 |       ||     1
       Paralysed         |       |       |     1 |    27 ||    28
       Distracted        |       |       |       |     1 ||     1
       Held in net/web   |       |       |       |     1 ||     1
Armor: Robe              |    22 |    47 |    56 |    25 ||   150
       Steam dragon scal |       |       |       |    33 ||    33
       Acid dragon scale |       |       |       |   125 ||   125
Dodge: Dodged            |    30 |    65 |    85 |   279 ||   459

Table legend: (Time is in decaauts)
 A = Elapsed time spent in this place.
 B = Non-inter-level travel time spent in this place.
 C = Inter-level travel time spent in this place.
 D = Time resting spent in this place.
 E = Time spent auto-exploring this place.
 F = Levels seen in this place.
 G = Mean time per level.
                   A        B        C        D        E       F      G
               +--------+--------+--------+--------+--------+-----+--------+
         Total |   9408 |   9004 |    404 |    972 |   5906 |  13 |  723.7 |
       Dungeon |   8790 |   8399 |    391 |    820 |   5735 |  11 |  799.1 |
        Temple |     67 |     54 |     13 |      0 |     14 |   1 |   67.0 |
        Bailey |    550 |    550 |      0 |    152 |    157 |   1 |  550.0 |
               +--------+--------+--------+--------+--------+-----+--------+

Top non-repeatable levels by time:
     D:7: 1079 daAuts
     D:9: 1031 daAuts
    D:10: 1008 daAuts
     D:8: 925 daAuts
    D:11: 843 daAuts
     D:4: 817 daAuts
     D:5: 811 daAuts
     D:3: 769 daAuts
  Bailey: 550 daAuts
     D:1: 506 daAuts
     D:2: 500 daAuts
     D:6: 497 daAuts
  Temple: 67 daAuts
